 Dungeon Crawl Stone Soup version 0.30-a0-702-gdf48620a09 (webtiles) character file.

Game seed: 6449413011052736281

35 tilp the Shield-Bearer (level 3, -1/31 HPs)
             Began as a Meteoran Fighter on Jan 21, 2023.
             Slain by a gnoll bouda
             ... wielding a +0 whip
              (9 damage)
             ... on level 4 of the Dungeon.
             The game lasted 00:02:35 (673 turns).

tilp the Shield-Bearer (Meteoran Fighter)            Turns: 673, Time: 00:02:36

Health: -1/31      AC:  9    Str: 17    XL:     3   Next: 79%
Magic:  4/4        EV:  7    Int:  9    God:
Gold:   99         SH:  5    Dex: 16    Spells: 2/2 levels left

rFire   . . .      SeeInvis .    a - +0 long sword
rCold   . . .      Faith    .    c - +0 buckler
rNeg    . . .      Spirit   .    j - +0 chain mail
rPois   .          Reflect  .    (no helmet)
rElec   .          Harm     .    (no cloak)
rCorr   .          Rampage  .    (no gloves)
Will    .....                    (no boots) Stlth
                                 (no amulet)
HPRegen 0.25/turn                (no ring)
MPRegen 0.09/turn                (no ring)

@: mighty, weakened, glowing
A: sense surroundings 1, otherworldly, glowing, explore regen
a: no special abilities


You were on level 4 of the Dungeon.
You visited 1 branch of the dungeon, and saw 4 of its levels.

You collected 99 gold pieces.

Inventory:

Hand Weapons
 a - a +0 long sword (weapon)
 b - a +1 dagger of draining
Missiles
 f - 2 boomerangs (quivered)
 g - 11 stones
Armour
 c - a +0 buckler (worn)
 j - a +0 chain mail (worn)
Scrolls
 e - 3 scrolls of brand weapon {unknown}
 h - 5 scrolls of identify {unknown}
 l - a scroll of immolation {unknown}
Potions
 i - a potion of magic {unknown}
 k - a potion of curing
 m - a potion of heal wounds {unknown}
 n - a potion of attraction {unknown}


   Skills:
 + Level 3.5 Fighting
 + Level 2.8 Long Blades
 + Level 1.0 Throwing
 + Level 3.7 Armour
 * Level 1.5 Dodging
 + Level 0.5 Stealth
 + Level 3.9 Shields


You had 2 spell levels left.
You didn't know any spells.
Your spell library was empty.

Dungeon Overview and Level Annotations

Branches:
Dungeon (4/15) Zot: 1696
 Temple: D:4-7

Altars:
Dithmenos


Innate Abilities, Weirdness & Mutations

You passively map a small area around you.
You are easily found by Zot.
You glow in the dark.
You regain HP and MP as you explore.


Message History

You hit the gnoll bouda.
The gnoll bouda is moderately wounded.
A giant cockroach comes into view.
The gnoll bouda closely misses you.
The gnoll bouda hits you but does no damage.
You closely miss the gnoll bouda.
The gnoll bouda is moderately wounded.
The gnoll bouda hits you with a +0 whip!
You hit the gnoll bouda.
The gnoll bouda is severely wounded.
The gnoll bouda hits you with a +0 whip.
You are too injured to fight recklessly!
You are too injured to fight recklessly!
You barely miss the gnoll bouda.
The gnoll bouda is severely wounded.
The gnoll bouda hits you with a +0 whip.
The gnoll bouda hits you with a +0 whip!
* * * LOW HITPOINT WARNING * * *
You hit the gnoll bouda but do no damage.
The gnoll bouda is severely wounded.
The gnoll bouda prays to its god.
The gnoll bouda is healed somewhat.
You hit the gnoll bouda.
The gnoll bouda is heavily wounded.
The gnoll bouda hits you with a +0 whip.
* * * LOW HITPOINT WARNING * * *
It was a potion of curing.
You feel better.
The gnoll bouda hits you but does no damage.
You feel very mighty all of a sudden. You block the gnoll bouda's attack.
You hit the gnoll bouda.
The gnoll bouda is severely wounded.
Your attacks no longer feel as feeble.
The giant cockroach waves its antennae.
The gnoll bouda gazes fiercely through you!
You feel your attacks grow feeble.
The gnoll bouda hits you with a +0 whip.
* * * LOW HITPOINT WARNING * * *
The gnoll bouda hits you with a +0 whip!
You die...

, * , * * * , , *
* , , . * , ,
...#######,, * *
#.....<.#, * *
...P♣..#.#
.♣.~.P..@#,* , ,
.~~.~.~#.gB..# ,
, *
.~.~~~~♣##.#...#,
* * P~~~≈~~
*...*.. * *
.~~≈≈~~, * #.# *
.P~≈≈~~ ## , ~~~≈
* , ~ , ,,


You could see a gnoll bouda and a giant cockroach.

Vanquished Creatures
  An adder (D:2)
  4 ball pythons
  A bat (D:3)
  2 endoplasms
  2 giant cockroaches (D:2)
  3 goblins
  3 hobgoblins (D:1)
  A quokka (D:1)
  2 frilled lizards (D:2)
  2 kobolds (D:1)
  4 rats
25 creatures vanquished.

Notes
Turn   | Place    | Note
-------+----------+-------------------------------------------
     0 | D:1      | tilp the Meteoran Fighter began the quest for the Orb.
     0 | D:1      | Reached XP level 1. HP: 19/19 MP: 2/2
    82 | D:1      | Reached XP level 2. HP: 22/25 MP: 3/3
   176 | D:1      | Reached skill level 1 in Dodging
   258 | D:1      | Reached XP level 3. HP: 31/31 MP: 4/4
   392 | D:2      | Found a faded altar of an unknown god.
   510 | D:3      | Reached skill level 1 in Throwing
   520 | D:3      | Found a shadowy altar of Dithmenos.
   673 | D:4      | Slain by a gnoll bouda

Illustrated notes

Levels and vault maps discovered:
D:1:      amcnicky_arrival_choice, layout_rooms
D:2:      layout_basic, hellmonk_ecumenical_altar_arch_garden
D:3:      layout_loops_ring, mainiacjoe_overflow_alcove_4,
          guppyfry_early_lair_pool
D:4:      minmay_spotlight, layout_loops_ring, zin_angel, serial_bayou_pond_b,
          nicolae_goblin_pals, uniq_robin

Skill      XL: |  1  2  3 |
---------------+----------+-----
Dodging        | 1 |  1.5
Throwing       | 1 |  1.0
Fighting       | |  3.5
Long Blades    | |  2.8
Armour         | |  3.7
Stealth        | |  0.5
Shields        | |  3.9

Action                   || total
-------------------------++-------
Melee: Long sword        ||    94
  Use: Potion            ||     2
Armor: Scale mail        ||    21
       Chain mail        ||    26
Dodge: Dodged            ||    28
Block: Buckler           ||    28

Table legend: (Time is in decaauts)
 A = Elapsed time spent in this place.
 B = Non-inter-level travel time spent in this place.
 C = Inter-level travel time spent in this place.
 D = Time resting spent in this place.
 E = Time spent auto-exploring this place.
 F = Levels seen in this place.
 G = Mean time per level.
                   A        B        C        D        E       F      G
               +--------+--------+--------+--------+--------+-----+--------+
         Total |    702 |    685 |     17 |      0 |      0 |   4 |  175.5 |
       Dungeon |    702 |    685 |     17 |      0 |      0 |   4 |  175.5 |
               +--------+--------+--------+--------+--------+-----+--------+

Top non-repeatable levels by time:
     D:2: 304 daAuts
     D:1: 225 daAuts
     D:3: 156 daAuts
     D:4: 15 daAuts
